 Dungeon Crawl Stone Soup version 0.22-b1-59-g0aedee734a (webtiles) character file.

627 Pisosu the Covered (level 7, -6/61 HPs)
             Began as a Minotaur Fighter on Aug 9, 2018.
             Killed by divine providence
             ... invoked by an orc priest
              (11 damage)
             ... on level 4 of the Dungeon.
             The game lasted 00:05:49 (3337 turns).

Pisosu the Covered (Minotaur Fighter)               Turns: 3337, Time: 00:05:50

Health: -6/61      AC:  7    Str: 23    XL:     7   Next: 23%
Magic:  6/6        EV:  9    Int:  5    God:
Gold:   200        SH: 10    Dex:  9    Spells: 6/6 levels left

rFire    . . .     SeeInvis .   a - +0 flail
rCold    . . .     Gourm    .   c - +0 shield
rNeg     . . .     Faith    .   b - +0 scale mail
rPois    .         Spirit   .   (helmet restricted)
rElec    .         Reflect  .   (no cloak)
rCorr    .         Harm     .   (no gloves)
MR       .....                  (no boots)
Stlth    ..........             (no amulet)
HPRegen  0.20/turn              (no ring)
MPRegen  0.10/turn              (no ring)

@: no status effects
A: retaliatory headbutt, horns 2
a: no special abilities


You were on level 4 of the Dungeon.
You were not hungry.

You visited 1 branch of the dungeon, and saw 4 of its levels.

You collected 200 gold pieces.

Inventory:

Hand Weapons
 a - a +0 flail (weapon)
Missiles
 n - 19 bolts
 p - 5 tomahawks (quivered)
Armour
 b - a +0 scale mail (worn)
 c - a +0 shield (worn)
Jewellery
 l - a cursed ring of teleportation {unknown}
Scrolls
 e - a scroll of amnesia {unknown}
 g - 10 scrolls of identify {unknown}
 i - a scroll of teleportation {unknown}
 j - a scroll of enchant weapon {unknown}
 k - a scroll of remove curse {unknown}
 q - a scroll of fog {unknown}
 s - a scroll of fear {unknown}
 t - a scroll of immolation {unknown}
Potions
 d - 2 potions of might
 h - a potion of resistance {unknown}
 m - a potion of heal wounds {unknown}
 o - a potion of haste {unknown}
Comestibles
 f - 10 rations
 r - 8 chunks of flesh


   Skills:
 + Level 5.1 Fighting
 + Level 5.3 Maces & Flails
 + Level 0.1 Throwing
 + Level 5.9 Armour
 + Level 2.2 Dodging
 + Level 0.2 Stealth
 + Level 5.8 Shields


You had 6 spell levels left.
You didn't know any spells.
Your spell library was empty.

Dungeon Overview and Level Annotations

Branches:
Dungeon (4/15)
 Temple: D:4-7

Altars:
Kikubaaqudgha
Ru


Innate Abilities, Weirdness & Mutations

You reflexively headbutt those who attack you in melee.
You have a pair of horns on your head.


Message History

You headbutt the orc priest.
The orc priest is severely wounded.
The orc priest hits you with a whip.
* * * LOW HITPOINT WARNING * * *
You block the orc priest's attack.
You hit the orc priest. You headbutt the orc priest.
The orc priest is almost dead.
You feel yourself speed up. You block the orc priest's attack.
The orc priest barely misses you.
You closely miss the orc priest. Your headbutt misses the orc priest.
The orc priest is almost dead.
You block the orc priest's attack.
You hit the orc priest but do no damage.
The orc priest is almost dead.
The orc priest hits you but does no damage.
You hit the orc priest but do no damage.
The orc priest is almost dead.
The orc priest calls down the wrath of Beogh upon you.
Beogh smites you!
You die...

#.##.#.#...#.#.##
#........_.......
#...##.#.#...#.#.#.
#....#.#.##.##.#
#...##.#.......#
##.###.####.####.#
.. #...........#
##. ######.######
#. #@.......#
#o######## ....
###.## #.# ... ..#
.##


You could see an orc priest.

Vanquished Creatures
  A hippogriff (D:3)
  A phantom (D:3)
  2 vampire bats (D:3)
  2 orc wizards
  An orc priest (D:3)
  A worker ant (D:4)
  A gnoll (D:4)
  5 adders
  2 worms (D:2)
  A dart slug (D:2)
  2 leopard geckos (D:2)
  14 orcs
  3 ball pythons
  2 bat skeletons (D:3)
  4 bat zombies (D:3)
  6 giant cockroaches
  11 hobgoblins
  2 jackals (D:2)
  7 kobolds
  3 quokkas
  5 bats
  7 frilled lizards
  7 goblins
  12 rats
102 creatures vanquished.

Notes
Turn   | Place    | Note
-------+----------+-------------------------------------------
     0 | D:1      | Pisosu the Minotaur Fighter began the quest for the Orb.
     0 | D:1      | Reached XP level 1. HP: 19/19 MP: 0/0
   196 | D:1      | Reached XP level 2. HP: 27/27 MP: 1/1
   927 | D:2      | Reached XP level 3. HP: 30/33 MP: 2/2
  1397 | D:2      | Reached skill level 1 in Dodging
  1407 | D:2      | Reached XP level 4. HP: 40/40 MP: 3/3
  2130 | D:3      | Noticed a phantom
  2157 | D:3      | Killed a phantom
  2157 | D:3      | Reached skill level 5 in Armour
  2157 | D:3      | Reached XP level 5. HP: 42/47 MP: 4/4
  2265 | D:3      | Found an ancient bone altar of Kikubaaqudgha.
  2278 | D:3      | Reached XP level 6. HP: 51/53 MP: 5/5
  2357 | D:3      | Noticed a hippogriff
  2401 | D:3      | Killed a hippogriff
  2401 | D:3      | Reached skill level 5 in Shields
  2533 | D:3      | Reached XP level 7. HP: 32/60 MP: 6/6
  2542 | D:3      | Reached skill level 5 in Maces & Flails
  3153 | D:4      | Reached skill level 5 in Fighting
  3270 | D:4      | Found a sacrificial altar of Ru.
  3337 | D:4      | Killed from afar by an orc priest

Skill      XL: |  1  2  3  4  5  6  7 |
---------------+----------------------+-----
Armour         | 4 5 |  5.9
Fighting       | 4 5 |  5.1
Shields        | 4 5 |  5.8
Maces & Flails | 3 4 5 |  5.3
Dodging        | 1 2 |  2.2
Throwing       | |  0.1
Stealth        | |  0.2

Action                   |  1- 3 |  4- 6 |  7- 9 || total
-------------------------+-------+-------+-------++-------
Melee: Flail             |   130 |   144 |    60 ||   334
       Headbutt          |    14 |    29 |     9 ||    52
Throw: Tomahawk          |       |     2 |       ||     2
  Eat: Chunk             |     2 |     4 |     2 ||     8
Armor: Scale mail        |    50 |    56 |    26 ||   132
Dodge: Dodged            |    38 |    55 |    22 ||   115
Block: Shield            |    59 |    97 |    30 ||   186
